 Dungeon Crawl Stone Soup version 0.29.1-1-gd02db6906a (webtiles) character file.

Game seed: 8112951258495709424

452 LabCoat the Chopper (level 7, 0/60 HPs)
             Began as a Hill Orc Fighter on Sept 20, 2022.
             Slain by a gnoll
             ... wielding a +0 spear
             ... led by a gnoll bouda
              (3 damage)
             ... on level 4 of the Dungeon.
             The game lasted 00:06:31 (2533 turns).

LabCoat the Chopper (Hill Orc Fighter)              Turns: 2533, Time: 00:06:32

Health: 0/60       AC: 10    Str: 21    XL:     7   Next: 4%
Magic:  7/7        EV:  9    Int: 14    God:
Gold:   111        SH:  4    Dex: 10    Spells: 6/6 levels left

rFire   + . .      SeeInvis .   a - +0 war axe
rCold   . . .      Faith    .   c - +0 buckler
rNeg    . . .      Spirit   .   d - +1 scale mail {rPois}
rPois   +          Reflect  .   (no helmet)
rElec   .          Harm     .   f - +0 cloak
rCorr   .          Rampage  .   e - +0 pair of gloves
Will    .....                   (no boots)
Stlth   ..........              (no amulet)
HPRegen 0.20/turn               l - ring of protection from fire
MPRegen 0.10/turn               p - +6 ring of intelligence

@: invisible
A: no striking features
a: no special abilities


You were on level 4 of the Dungeon.
You visited 1 branch of the dungeon, and saw 4 of its levels.

You collected 111 gold pieces.

Inventory:

Hand Weapons
 a - a +0 war axe (weapon)
 i - a +0 flail
Missiles
 h - 3 poisoned darts (quivered)
Armour
 c - a +0 buckler (worn)
 d - a +1 scale mail of poison resistance (worn)
 e - a +0 pair of gloves (worn)
 f - a +0 cloak (worn)
Jewellery
 l - a ring of protection from fire (left hand)
 p - a +6 ring of intelligence (right hand)
Wands
 u - a wand of quicksilver (10)
Scrolls
 b - 2 scrolls of fear {unknown}
 g - a scroll of vulnerability {unknown}
 j - a scroll of fog {unknown}
 q - a scroll of enchant weapon {unknown}
 r - a scroll of magic mapping {unknown}
 s - a scroll of silence {unknown}
Potions
 k - a potion of ambrosia
 m - a potion of cancellation
 n - a potion of invisibility
 t - 2 potions of attraction {unknown}


   Skills:
 + Level 4.9 Fighting
 * Level 5.5 Axes
 + Level 2.1 Throwing
 + Level 4.4 Armour
 + Level 4.3 Shields
 + Level 2.2 Evocations


You had 6 spell levels left.
You didn't know any spells.
Your spell library was empty.

Dungeon Overview and Level Annotations

Branches:
Dungeon (4/15)
 Temple: D:4-7

Altars:
Qazlal


Message History

You throw a poisoned dart. The poisoned dart hits the gnoll bouda.
The gnoll bouda looks even sicker.
You closely miss the gnoll bouda.
The gnoll bouda hits you with a +0 club.
You block the gnoll's attack.
The gnoll bouda barks out a call to the hunt!
The gnolls pick up the pace!
You slash the gnoll bouda!
The gnoll bouda is heavily wounded.
The gnoll hits you from afar with a +0 spear.
The gnoll bouda hits you with a +0 club.
The gnoll completely misses you.
You feel better.
The gnoll bouda hits you with a +0 club.
The gnoll hits you from afar with a +0 spear!
* * * LOW HITPOINT WARNING * * *
You completely miss the gnoll bouda.
The gnoll bouda is heavily wounded.
The gnoll bouda barely misses you.
The gnoll hits you from afar with a +0 spear.
* * * LOW HITPOINT WARNING * * *
The gnoll hits you from afar with a +0 spear.
* * * LOW HITPOINT WARNING * * *
You fade into invisibility!
You block the gnoll bouda's attack.
The gnoll hits you from afar with a +0 spear.
* * * LOW HITPOINT WARNING * * *
The gnoll barely misses you.
You hit the gnoll bouda.
The gnoll bouda is almost dead.
The gnoll bouda prays to its god.
The gnoll bouda is healed somewhat.
You catch the helpless gnoll bouda completely off-guard!
You slash the gnoll bouda!
You kill the gnoll bouda!
You have reached level 7!
You slash the gnoll!
You kill the gnoll!
The gnoll hits you from afar with a +0 spear.
You die...

##..........# #
###...(.>.....#
.#####g..#.........#
...#gg.####........#
.....### ##..#....#
.....# #..(.g..##
###..# #...(.g..#
#..# #.###)###.#
##.## ### #@#
####..## #.....#
#......# ###.._..#
.......#####.#.....#
######.......#######
# #..####...## !##
#..# ##...######..#
#..# #...........##
##.## #............#


You could see 2 gnolls.

Vanquished Creatures
  Sigmund (D:2)
  A howler monkey (D:4)
  A jelly (D:3)
  An orc priest (D:4)
  A gnoll bouda (D:4)
  Terence (D:2)
  An iguana (D:4)
  3 adders
  A gnoll (D:4)
  An ufetubus (D:3)
  A worm (D:4)
  3 dart slugs
  8 orcs
  5 endoplasms
  3 giant cockroaches
  6 goblins
  3 hobgoblins
  6 jackals
  4 kobolds
  5 ball pythons
  4 bats
  3 frilled lizards
  6 rats
  A spectral kobold (D:2)
70 creatures vanquished.

Notes
Turn   | Place    | Note
-------+----------+-------------------------------------------
     0 | D:1      | LabCoat the Hill Orc Fighter began the quest for the Orb.
     0 | D:1      | Reached XP level 1. HP: 19/19 MP: 1/1
    64 | D:1      | Reached skill level 3 in Axes
    64 | D:1      | Reached XP level 2. HP: 10/27 MP: 2/2
   660 | D:2      | Reached XP level 3. HP: 33/33 MP: 3/3
   715 | D:2      | Found a faded altar of an unknown god.
  1270 | D:2      | Noticed Sigmund
  1277 | D:2      | Killed Sigmund
  1278 | D:2      | Reached skill level 4 in Axes
  1278 | D:2      | Reached skill level 1 in Throwing
  1278 | D:2      | Reached skill level 1 in Evocations
  1278 | D:2      | Reached XP level 4. HP: 35/41 MP: 4/4
  1278 | D:2      | Reached XP level 5. HP: 40/47 MP: 5/5
  1533 | D:2      | Noticed Terence
  1548 | D:2      | Killed Terence
  1549 | D:2      | Reached XP level 6. HP: 39/53 MP: 6/6
  2098 | D:3      | Reached skill level 5 in Axes
  2520 | D:4      | Found a stormy altar of Qazlal.
  2530 | D:4      | HP: 2/55 [gnoll/+0 spear[a gnoll bouda] (6)]
  2533 | D:4      | Reached XP level 7. HP: 3/60 MP: 7/7
  2533 | D:4      | Slain by a gnoll

Illustrated notes

Levels and vault maps discovered:
D:1:      psy_arrival_basics, layout_rooms
D:2:      layout_loops_corners, dreamdust_ecumenical_altar_drowned_temple,
          uniq_terence, uniq_sigmund
D:3:      layout_basic, minmay_diced_spiral
D:4:      layout_layer_cave, mainiacjoe_overflow_alcove_2,
          minmay_temple_entry_slanted, gup_sewer_entry_spiral

Skill      XL: |  1  2  3  4  5  6 |
---------------+-------------------+-----
Axes           | 3 4 5 |  5.5
Fighting       | 4 |  4.9
Throwing       | 1 2 |  2.1
Armour         | 4 |  4.4
Evocations     | 1 2 |  2.2
Shields        | 4 |  4.3

Action                   |  1- 3 |  4- 6 |  7- 9 || total
-------------------------+-------+-------+-------++-------
Melee: War axe           |    65 |   117 |     1 ||   183
Throw: Dart              |       |     3 |       ||     3
  Use: Scroll            |     2 |     2 |       ||     4
       Potion            |     1 |     2 |       ||     3
 Stab: Invisible         |       |     1 |       ||     1
Armor: Scale mail        |    21 |    58 |       ||    79
Dodge: Dodged            |    32 |    44 |       ||    76
Block: Buckler           |    19 |    25 |       ||    44
